 Dungeon Crawl Stone Soup version 0.18-a0-1195-g77a4f03 (webtiles) character file.

7628 Silkki the Fighter (level 11, -5/79 HPs)
             Began as a Gargoyle Fighter on Jan 29, 2016.
             Was a High Priest of Okawaru.
             Slain by a minotaur
             ... wielding the cursed +1 scimitar of the End of Times {slice, -Tele rC++ Stlth+}
              (6 damage)
             ... in a labyrinth.
             The game lasted 00:25:14 (9810 turns).

Silkki the Fighter (Gargoyle Fighter)               Turns: 9810, Time: 00:25:14

Health: -5/79      AC: 23    Str: 27    XL:     11   Next: 18%
Magic:  12/12      EV: 11    Int: 13    God:    Okawaru [*****.]
Gold:   540        SH:  0    Dex: 12    Spells: 0 memorised, 10 levels left

rFire  . . .     SeeInvis +     T - +1 battleaxe of Beogh's Reproof {chop, rN+ MR- Dex+3 Stlth+} (curse)
rCold  . . .     Gourm    .     S - +6 scale mail of Keleeg {*Contam rN+ rCorr Str+8}
rNeg   + + +     Faith    .     (shield currently unavailable)
rPois  ∞         Spirit   .     M - +0 helmet (curse)
rElec  +         Dismiss  +     d - +0 cloak
rCorr  +         Reflect  .     (no gloves)
SustAt .         Harm     .     o - +0 pair of boots
MR     .....                    G - amulet of dismissal
Stlth  ++........               (no ring)
                                E - ring of stealth

@: not resistant to hostile enchantments, unstealthy
A: see invisible, high mp 1, magic resistance 1, negative energy resistance 1,
electricity resistance, unbreathing, petrification resistance, rot immunity,
MP-powered wands, sturdy frame 1, AC +7
a: Heroism, Finesse, Renounce Religion


You were in a labyrinth.
You worshipped Okawaru.
Okawaru was extremely pleased with you.
You were not hungry.

You visited 2 branches of the dungeon, and saw 12 of its levels.
You also visited: Labyrinth.

You collected 540 gold pieces.

Inventory:

Hand Weapons
 a - a +0 broad axe
 y - a +2 whip of electrocution
 T - the cursed +1 battleaxe of Beogh's Reproof (weapon) {chop, rN+ MR- Dex+3 Stlth+}
   (You found it on level 10 of the Dungeon)

   It inflicts extra damage upon your enemies.
   It affects your dexterity (+3).
   It protects you from negative energy.
   It affects your resistance to hostile enchantments.
   It makes you more stealthy.
   It has a curse placed upon it.
Missiles
 k - 17 poisoned needles
Armour
 c - a +0 shield
 d - a +0 cloak (worn)
 o - a +0 pair of boots (worn)
 M - a cursed +0 helmet (worn)
 S - the +6 scale mail of Keleeg (worn) {*Contam rN+ rCorr Str+8}
   (You found it on level 9 of the Dungeon)

   It affects your strength (+8).
   It protects you from negative energy.
   It causes magical contamination when unequipped.
   It protects you from acid and corrosion.
Magical Staves
 b - an uncursed staff of conjuration {unknown}
Jewellery
 E - a ring of stealth (left hand)
 G - an amulet of dismissal (around neck)
 X - an uncursed amulet of the gourmand {unknown}
Wands
 x - a wand of confusion (21/48)
 Q - a wand of polymorph (8/24)
 Z - a wand of lightning (6/15)
Scrolls
 e - 8 scrolls of identify {unknown}
 i - 3 scrolls of recharging {unknown}
 j - 6 scrolls of remove curse {unknown}
 l - 2 scrolls of enchant weapon {unknown}
 q - 3 scrolls of random uselessness {unknown}
 r - 4 scrolls of magic mapping {unknown}
 A - 2 scrolls of enchant armour {unknown}
 C - 4 scrolls of teleportation {unknown}
 D - a scroll of amnesia {unknown}
 F - a scroll of summoning {unknown}
 H - 2 scrolls of noise {unknown}
 I - a scroll of vulnerability {unknown}
 V - a scroll of immolation {unknown}
 W - 2 scrolls of fog {unknown}
 Y - a scroll of acquirement {unknown}
Potions
 g - a potion of flight
 n - a potion of cure mutation {unknown}
 s - 2 potions of mutation
 u - a potion of haste
 v - 2 potions of poison
 w - a potion of agility
 B - a potion of resistance {unknown}
 K - 2 potions of curing
 P - a potion of heal wounds {unknown}
 R - 3 potions of might
 U - a potion of lignification
Books
 h - a book of Transfigurations

   Spells                             Type                      Level
   a - Stoneskin                      Transmutation/Earth          2
   b - Irradiate                      Conjuration/Transmutation    5
   c - Statue Form                    Transmutation/Earth          6
   d - Hydra Form                     Transmutation                6
   e - Dragon Form                    Transmutation                7
 J - a book of Transfigurations

   Spells                             Type                      Level
   a - Stoneskin                      Transmutation/Earth          2
   b - Irradiate                      Conjuration/Transmutation    5
   c - Statue Form                    Transmutation/Earth          6
   d - Hydra Form                     Transmutation                6
   e - Dragon Form                    Transmutation                7
Comestibles
 t - 19 fruits
 L - 3 beef jerkies
 N - 7 slices of pizza


   Skills:
 + Level 13.8 Fighting
 + Level 2.9(6.7) Axes
 * Level 10.3(10.5) Maces & Flails
 - Level 3.2 Armour
 - Level 2.0 Dodging
 - Level 0.2 Stealth
 - Level 3.2 Shields


You had 10 spell levels left.
You didn't know any spells.

Dungeon Overview and Level Annotations

Branches:
Dungeon (11/15)            Temple (1/1) D:6
   Lair: D:8-11         Orc: D:9-12

Altars:
Ashenzari
Cheibriados
Dithmenos
Elyvilon
Fedhas
Gozag
Kikubaaqudgha
Makhleb
Nemelex Xobeh
Okawaru
Pakellas
Qazlal
Ru
Sif Muna
Trog
Vehumet
Xom
Yredelemnul
Zin
The Shining One


Innate Abilities, Weirdness & Mutations

You are resistant to torment.
Your stone body is resilient (AC +7).
You are immune to poison.
You resist negative energy.
You are resistant to electric shocks.
You can survive without breathing.
You are immune to petrification.
You are immune to rotting.
You have supernaturally acute eyesight.
You have an increased reservoir of magic (+10% MP).
You are resistant to hostile enchantments.
You expend magic power (3 MP) to strengthen your wands.
Your movements are slightly less encumbered by armour (ER -2).


Message History

The minotaur gores you!
You slash the minotaur!
The minotaur is lightly wounded.
The minotaur barely misses you.
The minotaur gores you but does no damage.
You slash the minotaur!
The minotaur is heavily wounded.
The minotaur misses you. The minotaur barely misses you.
You slash the minotaur!
The minotaur is heavily wounded.
The minotaur hits you with a pitted scimitar {slice}.
The minotaur gores you.
The minotaur hits you with a pitted scimitar {slice}!!
* * * LOW HITPOINT WARNING * * *
The minotaur closely misses you.
You hit the minotaur but do no damage.
The minotaur is heavily wounded.
The minotaur hits you with a pitted scimitar {slice}!!
* * * LOW HITPOINT WARNING * * *
You die...

# #. ##...
#)#... .# #
#. .#...#)#
#. #..#.###
.. #..#.#
#. ## #..#
.. #.....#
#.###.#####
#.H@..# #
###.### #..
###. .# #


You could see a minotaur.

Vanquished Creatures
  Sonja (D:10)
  The ghost of kal9871 the Archer, a novice CeAM of Okawaru (D:8)
  2 gargoyles (Lab)
  Prince Ribbit (D:8)
  Grinder (D:6)
  A two-headed ogre (D:5)
  2 hippogriffs
  A human (D:8)
  5 hungry ghosts
  A water moccasin (D:8)
  A necrophage (D:10)
  2 ice beasts
  3 orc warriors
  A sky beast (D:6)
  A black bear (D:6)
  3 phantoms
  An eye of draining (D:9)
  4 centaurs
  2 big kobolds
  3 giant frogs
  3 scorpions
  15 killer bees
  11 wights
  An electric eel (D:9)
  4 crimson imps
  A centaur zombie (D:7)
  A quasit (D:8)
  A giant frog zombie (D:10)
  An iron imp (D:7)
  A jelly (D:5)
  A gnoll shaman (D:8)
  2 orc priests
  A centaur skeleton (D:4)
  2 hounds
  5 orc wizards
  6 worker ants
  A killer bee zombie (D:8)
  3 sheep (D:8)
  A hound zombie (D:5)
  A hound skeleton (D:8)
  A worker ant zombie (D:9)
  8 adders
  8 gnolls
  2 shadow imps
  An ooze (D:1)
  3 adder skeletons
  5 worms
  4 giant geckos
  42 orcs
  2 giant cockroaches
  4 goblins
  4 hobgoblins
  4 jackals (D:4)
  10 quokkas
  3 ball pythons
  6 bats
  A giant gecko skeleton (D:4)
  A jackal skeleton (D:5)
  11 kobolds
  A quokka zombie (D:8)
  14 rats
234 creatures vanquished.

Vanquished Creatures (others)
  3 orcs
3 creatures vanquished.

Grand Total: 237 creatures vanquished

Notes
Turn   | Place    | Note
--------------------------------------------------------------
     0 | D:1      | Silkki the Gargoyle Fighter began the quest for the Orb.
     0 | D:1      | Reached XP level 1. HP: 14/14 MP: 1/1
    71 | D:1      | Reached XP level 2. HP: 16/20 MP: 2/2
   143 | D:1      | Reached skill level 4 in Fighting
   273 | D:1      | HP: 1/20 [rat (2)]
   782 | D:2      | Reached XP level 3. HP: 24/24 MP: 3/3
   804 | D:2      | Found a faded altar to an unknown god.
   879 | D:2      | Reached skill level 1 in Dodging
  1150 | D:2      | Found a glowing golden altar of the Shining One.
  1150 | D:2      | Found an ancient bone altar of Kikubaaqudgha.
  1324 | D:2      | Reached XP level 4. HP: 16/30 MP: 4/4
  1678 | D:3      | Found a shimmering altar of Xom.
  2122 | D:4      | Reached XP level 5. HP: 21/34 MP: 5/5
  2169 | D:4      | Reached skill level 5 in Fighting
  2436 | D:4      | Found a burning altar of Makhleb.
  2896 | D:4      | Reached XP level 6. HP: 38/40 MP: 6/6
  3033 | D:5      | Entered Level 5 of the Dungeon
  3037 | D:5      | Noticed a two-headed ogre
  3044 | D:5      | Killed a two-headed ogre
  3044 | D:5      | Reached skill level 6 in Fighting
  3044 | D:5      | Reached XP level 7. HP: 17/47 MP: 7/7
  3306 | D:5      | Reached skill level 7 in Fighting
  3423 | D:5      | Found an oddly glowing altar of Pakellas.
  3790 | D:5      | Reached skill level 8 in Fighting
  3790 | D:5      | Reached skill level 5 in Maces & Flails
  3790 | D:5      | Reached XP level 8. HP: 47/54 MP: 8/8
  4043 | D:6      | Found a staircase to the Ecumenical Temple.
  4086 | Temple   | Entered the Ecumenical Temple
  4154 | Temple   | Became a worshipper of Warmaster Okawaru
  4176 | D:6      | Reached skill level 9 in Fighting
  4294 | D:6      | Gained mutation: You are robust (+10% HP). [mutagenic meat]
  4296 | D:6      | Gained mutation: You are resistant to hostile enchantments. [mutagenic meat]
  4297 | D:6      | Gained mutation: You have supernaturally acute eyesight. [mutagenic meat]
  4299 | D:6      | Gained mutation: You have an increased reservoir of magic (+10% MP). [mutagenic meat]
  4310 | D:6      | Found a sacrificial altar of Ru.
  4319 | D:6      | Noticed Grinder
  4331 | D:6      | Killed Grinder
  4671 | D:7      | Reached * piety under Okawaru
  4671 | D:7      | Reached skill level 10 in Fighting
  4675 | D:7      | Lost mutation: You are robust (+10% HP). [potion of mutation]
  4675 | D:7      | Gained mutation: Your movements are slightly less encumbered by armour (ER -2). [potion of mutation]
  4675 | D:7      | Gained mutation: You expend magic power (3 MP) to strengthen your wands. [potion of mutation]
  4684 | D:7      | Reached XP level 9. HP: 20/62 MP: 9/9
  5118 | D:7      | Found a snail-covered altar of Cheibriados.
  5129 | D:7      | Reached skill level 11 in Fighting
  5863 | D:7      | Reached ** piety under Okawaru
  5894 | D:7      | HP: 3/64 [killer bee (3)]
  5901 | D:7      | HP: 2/64 [killer bee (2)]
  6344 | D:8      | Found an opulent altar of Gozag.
  6445 | D:8      | Noticed Prince Ribbit
  6461 | D:8      | Killed Prince Ribbit
  6507 | D:8      | Noticed kal9871's ghost (novice CeAM)
  6866 | D:8      | Reached skill level 12 in Fighting
  6899 | D:8      | Killed kal9871's ghost
  6899 | D:8      | Reached *** piety under Okawaru
  6899 | D:8      | Reached XP level 10. HP: 50/72 MP: 11/11
  7539 | D:9      | Found a stormy altar of Qazlal.
  7609 | D:9      | Reached skill level 13 in Fighting
  7671 | D:9      | Got a bloodstained scale mail
  7682 | D:9      | Identified the +6 scale mail of Keleeg {*Contam rN+ rCorr Str+8} (You found it on level 9 of the Dungeon)
  7724 | D:9      | Reached **** piety under Okawaru
  7773 | D:9      | Found a shattered altar of Ashenzari.
  8069 | D:9      | Found a sparkling altar of Nemelex Xobeh.
  8226 | D:10     | Entered Level 10 of the Dungeon
  8226 | D:10     | Noticed Sonja
  8258 | D:10     | Got a crude battleaxe
  8272 | D:9      | Identified the cursed +1 battleaxe of Beogh's Reproof {chop, rN+ MR- Dex+3 Stlth+} (You found it on level 10 of the Dungeon)
  8545 | D:10     | Reached skill level 1 in Axes
  8725 | D:10     | Killed Sonja
  8764 | D:10     | Reached XP level 11. HP: 78/78 MP: 12/12
  8874 | D:11     | Found a labyrinth entrance.
  8879 | Lab      | Entered a labyrinth
  9126 | Lab      | Reached skill level 10 in Maces & Flails
  9163 | Lab      | Reached ***** piety under Okawaru
  9803 | Lab      | Noticed a minotaur
  9810 | Lab      | HP: 1/79 [minotaur/pitted scimitar {slice} (18)]
  9810 | Lab      | Identified the cursed +1 scimitar of the End of Times {slice, -Tele rC++ Stlth+}
  9810 | Lab      | Slain by a minotaur

Vault maps used:
D:1:      dpeg_arrival_chase
D:2:      gammafunk_temple_overflow_statue, serial_curves, eino_curves_02,
          eino_curves_04, ecumenical_altar_1, kennysheep_generic_room_12
D:3:      first_bread, minmay_crystal_water, xom_redecorated
D:4:      nicolae_overflow_crystal_walls, gup_sewer_entry_bowl
D:5:      grunt_pakellas_sulfur
D:6:      lemuel_crystal_altar, minmay_temple_entry_crystal_x, uniq_grinder
D:7:      slow_altar_2
D:8:      grunt_livestock, grunt_gozag_statues, uniq_prince_ribbit1
D:9:      kennysheep_little_box, old_standard_altar, lemuel_doored_altar,
          kennysheep_crisscross, eino_jars, serial_park_tiny_2
D:10:     uniq_sonja
D:11:     lair_0_dummy, hiddenorc1_lemuel, lab_entry_generic, uniq_maurice,
          uniq_fannar
Temple:   circular_temple_12
Lab:      labyrinth_green, nicolae_lab_swirl, nicolae_lab_flowing_pool,
          nicolae_lab_arrow, labyrinth_lava_lair, nicolae_lab_do_over,
          labyrinth_fake_exit, nicolae_lab_statue, nicolae_lab_t_cross,
          nicolae_lab_stuck

Action                   |  1- 3 |  4- 6 |  7- 9 | 10-12 || total
-------------------------+-------+-------+-------+-------++-------
Melee: Flail             |   136 |   169 |       |       ||   305
       Whip              |       |    65 |   496 |   197 ||   758
       Battleaxe         |       |       |       |   155 ||   155
  Use: Potion            |       |       |    10 |     4 ||    14
 Stab: Invisible         |       |       |     1 |       ||     1
  Eat: Chunk             |     1 |     6 |    14 |     5 ||    26
       Bread ration      |       |       |     1 |     6 ||     7
       Fruit             |       |       |     1 |     1 ||     2
       Beef jerky        |       |       |     1 |       ||     1
       Pizza             |       |       |       |     1 ||     1
       Meat ration       |       |       |       |     2 ||     2
